 Dungeon Crawl Stone Soup version 0.22.1-1-ga44c0e56f4 (webtiles) character file.

77 Divine the Skirmisher (level 4, 0/37 HPs)
             Began as a Formicid Chaos Knight on Oct 6, 2018.
             Slain by an adder (1 damage)
             ... on level 3 of the Dungeon.
             The game lasted 00:04:23 (2290 turns).

Divine the Skirmisher (Formicid Chaos Knight)       Turns: 2290, Time: 00:04:23

Health: 0/37       AC:  5    Str: 18    XL:     4   Next: 60%
Magic:  4/4        EV: 10    Int: 11    God:    Xom [..*...]
Gold:   90         SH:  3    Dex: 10    Spells: 3/3 levels left

rFire    . . .     SeeInvis +   a - +0 falchion (chaos)
rCold    . . .     Gourm    .   h - +0 buckler
rNeg     . . .     Faith    .   b - +2 leather armour
rPois    .         Spirit   .   (helmet unavailable)
rElec    .         Reflect  .   (no cloak)
rCorr    .         Harm     .   (no gloves)
MR       .....                  (no boots)
Stlth    +.........             (no amulet)
HPRegen  0.12/turn              (no ring)
MPRegen  0.09/turn              (no ring)

@: lethally poisoned (0 -> -10)
A: permanent stasis, dig shafts and tunnels, four strong arms, antennae 3
a: Dig, Shaft Self, Renounce Religion


You were on level 3 of the Dungeon.
You worshipped Xom.
You were a toy of Xom.
You were very hungry.

You visited 1 branch of the dungeon, and saw 3 of its levels.

You collected 90 gold pieces.

Inventory:

Hand Weapons
 a - a +0 falchion of chaos (weapon)
Armour
 b - a +2 leather armour (worn)
 h - a +0 buckler (worn)
Scrolls
 d - 2 scrolls of identify {unknown}
 g - a scroll of magic mapping {unknown}
Potions
 e - a potion of heal wounds {unknown}
 f - a potion of resistance {unknown}
 i - a potion of invisibility {unknown}
 j - 2 potions of degeneration {unknown}
Comestibles
 c - 7 rations


   Skills:
 + Level 4.0 Fighting
 + Level 3.8 Long Blades
 + Level 2.9 Armour
 + Level 1.3 Dodging
 + Level 1.3 Stealth


You had 3 spell levels left.
You didn't know any spells.
Your spell library was empty.

Dungeon Overview and Level Annotations

Branches:
Dungeon (3/15)

Altars:


Innate Abilities, Weirdness & Mutations

You cannot be hasted, slowed, berserked, paralysed or teleported.
You can dig through walls and to a lower floor.
Your four strong arms can wield two-handed weapons with a shield.
You have a pair of large antennae on your head. (SInv)


Message History

You feel sick. The adder closely misses you.
The adder rages. x2
The adder barely misses you.
Unknown command.
You closely miss the adder.
The adder is lightly wounded.
* * * LOW HITPOINT WARNING * * *
You feel sick. The adder bites you.
* * * LOW HITPOINT WARNING * * *
The adder rages.
You closely miss the adder.
The adder is lightly wounded.
* * * LOW HITPOINT WARNING * * *
You feel sick. The adder closely misses you.
The adder bites you but does no damage.
You hit the adder.
The adder is poisoned.
The adder is heavily wounded.
* * * LOW HITPOINT WARNING * * *
You feel sick. The adder bites you.
You die...

## { { .# #########.#
#.........# #
#######.##....####.####
..............'@SSK...#
#######.##[...####.##.#
#.##....# # {
#####.#######
#............
#.##.######.. { #<.#)#
####.# { #.#


You could see 2 adders and a kobold.

Vanquished Creatures
  2 adders (D:2)
  A worm (D:2)
  2 dart slugs (D:2)
  2 leopard geckos (D:2)
  An orc (D:2)
  A ball python (D:2)
  7 bats
  4 giant cockroaches
  5 goblins
  6 hobgoblins
  3 jackals (D:2)
  4 kobolds
  4 frilled lizards
  4 rats
46 creatures vanquished.

Notes
Turn   | Place    | Note
-------+----------+-------------------------------------------
     0 | D:1      | Divine the Formicid Chaos Knight began the quest for the
                  | Orb.
     0 | D:1      | Reached XP level 1. HP: 18/18 MP: 1/1
   151 | D:1      | Reached XP level 2. HP: 24/24 MP: 2/2
   202 | D:1      | XOM: harmless Pois miscast
   448 | D:1      | XOM: harmless Tloc miscast
   624 | D:1      | XOM: harmless Fire miscast
   761 | D:2      | Reached skill level 1 in Dodging
   761 | D:2      | Reached XP level 3. HP: 29/30 MP: 3/3
   911 | D:2      | XOM is BORED!
   911 | D:2      | XOM: medium Ice miscast
  1530 | D:2      | Reached XP level 4. HP: 21/37 MP: 4/4
  2100 | D:2      | Reached skill level 1 in Stealth
  2142 | D:2      | Reached skill level 4 in Fighting
  2290 | D:3      | HP: 1/37 [poisoned by an adder]
  2290 | D:3      | Slain by an adder

Skill      XL: |  1  2  3  4 |
---------------+-------------+-----
Dodging        | 1 |  1.3
Stealth        | 1 |  1.3
Fighting       | 4 |  4.0
Long Blades    | |  3.8
Armour         | |  2.9

Action                   |  1- 3 |  4- 6 || total
-------------------------+-------+-------++-------
Melee: Falchion          |    77 |    49 ||   126
  Use: Scroll            |     2 |       ||     2
 Stab: Sleeping          |       |     1 ||     1
  Eat: Ration            |     1 |       ||     1
Armor: Leather armour    |    30 |    21 ||    51
Dodge: Dodged            |    41 |    39 ||    80
Block: Buckler           |       |     3 ||     3
       Rpst.: Falchion   |    18 |    13 ||    31
